 Dungeon Crawl Stone Soup version 0.20-a0-792-g09bcfd3 (console) character file.

233 nht the Ruffian (level 5, -4/45 HPs)
             Began as a Minotaur Fighter on Feb 28, 2017.
             Killed from afar by a leopard gecko (26 damage)
             ... with an exploding inner flame
             ... hexed by the player character
             ... on level 4 of the Dungeon.
             The game lasted 00:02:31 (1480 turns).

nht the Ruffian (Minotaur Fighter)                  Turns: 1480, Time: 00:02:32

Health: -4/45      AC:  8    Str: 22    XL:     5   Next: 75%
Magic:  4/4        EV:  7    Int: 10    God:
Gold:   81         SH: 10    Dex:  9    Spells: 4/4 levels left

rFire    . . .     SeeInvis .     - Unarmed
rCold    . . .     Gourm    .   a - +0 scale mail
rNeg     . . .     Faith    .   b - +1 shield
rPois    .         Spirit   .   (helmet restricted)
rElec    .         Reflect  .   c - +0 cloak
rCorr    +         Harm     .   (no gloves)
MR       .....                  (no boots)
Stlth    ..........             (no amulet)
Regen    0.2/turn               (no ring)
MPRegen  0.1/turn               m - ring of resist corrosion

@: brilliant
A: retaliatory headbutt, horns 2
a: no special abilities


You were on level 4 of the Dungeon.
You were not hungry.

You visited 1 branch of the dungeon, and saw 4 of its levels.

You collected 81 gold pieces.

Inventory:

Missiles
 s - a throwing net (quivered)
Armour
 a - a +0 scale mail (worn)
 b - a +1 shield (worn)
 c - a +0 cloak (worn)
Jewellery
 m - a ring of resist corrosion (left hand)
Scrolls
 g - 2 scrolls of enchant armour
 h - 4 scrolls of teleportation
 i - 2 scrolls of remove curse
 l - 2 scrolls of identify
 o - a scroll of random uselessness
Potions
 j - a potion of flight
 p - a potion of curing
Comestibles
 d - 4 bread rations
 f - 20 chunks of flesh
 k - a meat ration
 r - a fruit


   Skills:
 - Level 3.6 Fighting
 - Level 3.6 Armour
 - Level 3.6 Shields
 + Level 6.7 Unarmed Combat


You had 4 spell levels left.
You didn't know any spells.

Dungeon Overview and Level Annotations

Branches:
Dungeon (3/15)

Altars:
Trog

Annotations:
D:4 nono's ghost, weakling VSHu


Innate Abilities, Weirdness & Mutations

You reflexively headbutt those who attack you in melee.
You have a pair of horns on your head.


Message History

Nono's ghost is unaffected.
It was a scroll of fear.
Your surroundings suddenly seem different.
A leopard gecko comes into view.
The leopard gecko hisses angrily.
Found a morningstar and a potion of curing.
As you read the scroll labeled BYMEGUTOLAJAI, it crumbles to dust.
You hear whispers in an ancient language.
It was a scroll of random uselessness.
The leopard gecko bites you but does no damage.
As you read the scroll labeled BOQAICZ KAGHAT, it crumbles to dust.
The creatures around you are filled with an inner flame!
It was a scroll of immolation.
You block the leopard gecko's attack.
You closely miss the leopard gecko.
The leopard gecko bites you but does no damage.
You miss the leopard gecko. The leopard gecko closely misses you.
You furiously retaliate!
You headbutt the leopard gecko!
The leopard gecko explodes!
The fiery explosion engulfs you!
Ouch! That really hurt!
You die...

█.█ ... █.█
█.█ █.█
.██████.█
........█
......§@█
......§.█
..)...§§█
........█
........█
█.███████████
.......!█
█............
█.█████.█


█████████████ █. █.█ █ █ There were no monsters in sight!

Vanquished Creatures
  An orc priest (D:4)
  Crazy Yiuf (D:2)
  An iguana (D:4)
  5 adders
  3 oozes
  6 worms
  A leopard gecko (D:3)
  4 orcs
  4 giant cockroaches
  3 goblins
  7 hobgoblins
  10 jackals
  A quokka (D:3)
  2 ball pythons (D:3)
  5 bats
  8 frilled lizards
  5 kobolds
  7 rats
74 creatures vanquished.

Notes
Turn   | Place    | Note
-------+----------+-------------------------------------------
     0 | D:1      | nht the Minotaur Fighter began the quest for the Orb.
     0 | D:1      | Reached XP level 1. HP: 19/19 MP: 0/0
   108 | D:1      | Reached skill level 3 in Unarmed Combat
   108 | D:1      | Reached XP level 2. HP: 8/26 MP: 1/1
   533 | D:2      | Reached XP level 3. HP: 30/31 MP: 2/2
   569 | D:2      | Reached skill level 4 in Unarmed Combat
   789 | D:2      | Found a runed door.
   969 | D:2      | Reached XP level 4. HP: 34/39 MP: 3/3
  1017 | D:2      | Noticed a moth of wrath
  1020 | D:2      | Found a bloodstained altar of Trog.
  1037 | D:2      | Reached skill level 5 in Unarmed Combat
  1074 | D:2      | Noticed Crazy Yiuf
  1078 | D:2      | Killed Crazy Yiuf
  1210 | D:3      | Reached XP level 5. HP: 42/45 MP: 4/4
  1286 | D:3      | Reached skill level 6 in Unarmed Combat
  1375 | D:3      | You fall through a shaft!
  1470 | D:4      | Noticed nono's ghost (weakling VSHu)
  1480 | D:4      | Killed from afar by a leopard gecko

Vault maps used:
D:1:      saegor_arrival_simple_b
D:2:      tgw_trog, minmay_tromino_mix6, uniq_crazy_yiuf_cottage
D:4:      first_bread, uniq_pikel

Skill      XL: |  1  2  3  4  5 |
---------------+----------------+-----
Unarmed Combat | 3 4 5 6 |  6.7
Fighting       | |  3.6
Armour         | |  3.6
Shields        | |  3.6

Action                   |  1- 3 |  4- 6 || total
-------------------------+-------+-------++-------
Melee: Unarmed           |   124 |    94 ||   218
       Headbutt          |    17 |    15 ||    32
  Use: Potion            |       |     2 ||     2
       Scroll            |       |     8 ||     8
  Eat: Chunk             |       |     2 ||     2
Armor: Scale mail        |    51 |    24 ||    75
Dodge: Dodged            |    54 |    34 ||    88
Block: Shield            |    70 |    41 ||   111
